details: '1v3 or 4 on hurricane isles'

« prev index next »

General information

Mini Map

Players

team 1
Random» OrcShinkoujin (teal | 52 APM | 678 actions | 12:57)
Hero icon 3 Far Seer
Ability icon 2 Feral Spirit
Ability icon 1 Chain Lighting

» actions
Assign group hotkey14
Basic commands7
Build / train34
Enter build submenu18
Enter hero's abilities submenu3
Right click252
Select / deselect241
Select group hotkey67
Use ability42
678 total
» units
Peon9
Goblin Shredder1
Wind Rider7
Goblin Zeppelin1
Troll Batrider1
19 total
» upgrades
Ranged Weapons2
Armor1
Envenomed Spears1
Liquid Fire1
5 total
» buildings
Orc Burrow6
Altar of Storms1
War Mill1
Stronghold1
Fortress1
Beastiary4
Voodoo Lounge1
Watch Tower5
20 total
» build order
00:21 Orc Burrow
00:43 Altar of Storms
01:24 War Mill
01:40 Stronghold
02:02 Orc Burrow
03:29 Orc Burrow
04:03 Fortress
04:06 Beastiary
04:09 Beastiary
04:11 Beastiary
04:15 Orc Burrow
05:28 Beastiary
05:35 Orc Burrow
06:22 Voodoo Lounge
07:39 Orc Burrow
10:23 Watch Tower
10:23 Watch Tower
11:28 Watch Tower
11:32 Watch Tower
12:34 Watch Tower
» items
Healing Salve2
Tiny Great Hall1
Scroll of Speed1
4 total
Humangusalshrck (yellow | 49 APM | 1203 actions | 24:43)
Hero icon 7 Archmage
Ability icon 3 Summon Water Elemental
Ability icon 3 Brilliance Aura
Ability icon 1 Mass Teleport

» actions
Assign group hotkey26
Basic commands56
Build / train88
Enter build submenu31
Enter hero's abilities submenu7
Give item / drop item4
Remove unit from queue2
Right click343
Select / deselect366
Select group hotkey178
Use ability102
1203 total
» units
Peasant10
Footman4
Goblin Shredder1
Gryphon Rider10
Goblin Zeppelin5
Mortar Team4
Siege Engine3
37 total
» upgrades
Lumber Harvesting2
Swords3
Storm Hammers1
Armor3
Cloud1
Masonry3
Fragmentation Shards1
Flare1
Barrage1
Gunpowder3
Flak Cannons1
Flying Machine Bombs1
Plating1
22 total
» buildings
Farm11
Barracks1
Altar of Kings1
Keep3
Blacksmith1
Lumber Mill1
Arcane Vault1
Castle5
Town Hall2
Gryphon Aviary3
Workshop3
Scout Tower5
Guard Tower2
39 total
» build order
00:38 Farm
01:19 Barracks
01:45 Farm
01:53 Altar of Kings
02:29 Farm
02:43 Keep
02:43 Keep
02:44 Keep
03:55 Farm
04:14 Blacksmith
04:22 Lumber Mill
04:40 Farm
04:44 Arcane Vault
05:05 Castle
05:05 Castle
05:05 Castle
05:05 Castle
06:04 Farm
06:15 Town Hall
06:34 Gryphon Aviary
06:51 Gryphon Aviary
10:59 Farm
11:02 Farm
11:53 Workshop
12:00 Workshop
12:14 Scout Tower
12:18 Scout Tower
12:22 Scout Tower
12:25 Scout Tower
12:30 Scout Tower
12:55 Guard Tower
12:59 Guard Tower
13:32 Farm
13:38 Farm
15:17 Farm
15:47 Gryphon Aviary
19:31 Town Hall
22:30 Workshop
» items
Potion of Healing5
Orb of Fire1
Scroll of Regeneration1
Scroll of Town Portal2
9 total
Random» OrcTheGuyBehindYou (pink | 37 APM | 924 actions | 25:18)
Hero icon 5 Blademaster
Ability icon 2 Wind Walk
Ability icon 3 Critical Strike

» actions
Basic commands9
Build / train102
ESC pressed8
Enter build submenu34
Enter hero's abilities submenu5
Remove unit from queue1
Right click322
Select / deselect384
Use ability59
924 total
» units
Peon12
Troll Headhunter/Berserker6
Grunt4
Troll Batrider32
Raider16
Demolisher12
Goblin Zeppelin4
86 total
» upgrades
Pillage0
Liquid Fire1
Ranged Weapons3
Burning Oil1
Ensnare1
6 total
» buildings
Barracks1
Altar of Storms1
Orc Burrow11
War Mill1
Stronghold1
Voodoo Lounge1
Fortress1
Beastiary2
Great Hall1
Watch Tower10
Tauren Totem1
31 total
» build order
00:06 Barracks
00:08 Altar of Storms
00:31 Orc Burrow
01:17 War Mill
03:33 Stronghold
05:22 Voodoo Lounge
06:14 Orc Burrow
06:24 Fortress
06:31 Beastiary
06:33 Beastiary
07:09 Orc Burrow
08:05 Orc Burrow
10:58 Great Hall
13:44 Orc Burrow
15:15 Watch Tower
15:18 Watch Tower
15:20 Watch Tower
15:35 Watch Tower
16:09 Orc Burrow
17:23 Watch Tower
17:25 Watch Tower
18:07 Orc Burrow
18:09 Orc Burrow
18:47 Watch Tower
18:50 Watch Tower
19:08 Orc Burrow
19:10 Orc Burrow
22:51 Watch Tower
22:54 Watch Tower
23:18 Orc Burrow
23:55 Tauren Totem
» items
Potion of Healing1
1 total
Random» Humanyuffie (purple | 2 APM | 57 actions | 24:46)

» actions
Build / train6
Enter build submenu2
Right click16
Select / deselect31
Use ability2
57 total
» units
Peasant6
6 total
» buildings
Altar of Kings1
Farm1
2 total
» build order
00:10 Altar of Kings
00:26 Farm
team 2
Random» ZSoft (green | 31 APM | 3 actions | 00:05)

» actions
Right click1
Select / deselect2
3 total
Random» OrcOrcKingAlexMVP (red | 73 APM | 1843 actions | 25:19)
Hero icon 5 Blademaster
Ability icon 3 Wind Walk
Ability icon 2 Critical Strike
Hero icon 5 Archmage
Ability icon 3 Summon Water Elemental
Ability icon 2 Brilliance Aura
Hero icon 5 Death Knight
Ability icon 3 Death Coil
Ability icon 2 Unholy Aura
Hero icon 5 Lich
Ability icon 3 Frost Nova
Ability icon 1 Dark Ritual
Ability icon 1 Death and Decay

» actions
Assign group hotkey33
Basic commands47
Build / train214
ESC pressed13
Enter build submenu58
Enter hero's abilities submenu22
Give item / drop item5
Right click593
Select / deselect505
Select group hotkey147
Use ability206
1843 total
» units
Peon16
Peasant31
Acolyte9
Ghoul3
Crypt Fiend11
Troll Batrider17
Goblin Shredder1
Siege Engine12
Goblin Zeppelin9
Gryphon Rider12
Obsidian Statue2
Frost Wyrm1
124 total
» upgrades
Web1
Plating4
Gunpowder3
Lumber Harvesting3
Storm Hammers1
Creature Attack2
Barrage1
Masonry2
Creature Carapace1
Armor3
Swords2
23 total
» buildings
Graveyard1
Crypt2
Altar of Storms1
Orc Burrow5
Altar of Kings2
Farm28
Altar of Darkness1
Ziggurat8
Voodoo Lounge1
Lumber Mill2
Blacksmith2
Stronghold3
Halls of the Dead3
Keep2
Beastiary3
Town Hall2
Castle2
Fortress1
Black Citadel3
Gryphon Aviary3
Workshop3
Slaughterhouse1
Sacrificial Pit1
Necropolis1
Tomb of Relics3
Spirit Tower1
Arcane Vault1
Boneyard3
Barracks1
90 total
» build order
00:21 Graveyard
00:21 Crypt
00:30 Altar of Storms
00:32 Orc Burrow
00:40 Altar of Kings
00:46 Farm
00:58 Altar of Kings
01:02 Farm
01:06 Altar of Darkness
01:07 Ziggurat
01:13 Voodoo Lounge
01:21 Farm
01:24 Lumber Mill
01:28 Farm
01:30 Lumber Mill
01:39 Blacksmith
01:53 Farm
02:00 Ziggurat
02:33 Stronghold
02:33 Stronghold
02:35 Orc Burrow
02:53 Halls of the Dead
02:53 Halls of the Dead
03:18 Ziggurat
03:32 Keep
03:34 Keep
03:38 Crypt
04:04 Orc Burrow
04:58 Beastiary
04:58 Beastiary
04:59 Beastiary
05:09 Orc Burrow
05:10 Orc Burrow
05:21 Town Hall
05:33 Town Hall
06:17 Castle
06:19 Castle
06:44 Fortress
06:51 Black Citadel
06:51 Black Citadel
06:51 Black Citadel
06:54 Ziggurat
07:29 Gryphon Aviary
07:30 Gryphon Aviary
07:30 Gryphon Aviary
07:34 Workshop
07:35 Workshop
07:38 Workshop
08:01 Slaughterhouse
08:02 Sacrificial Pit
08:33 Necropolis
08:42 Farm
08:46 Farm
08:47 Farm
08:47 Farm
08:47 Farm
08:48 Farm
09:01 Tomb of Relics
10:52 Spirit Tower
11:54 Farm
11:54 Farm
11:54 Farm
11:55 Farm
11:55 Farm
11:55 Farm
12:30 Arcane Vault
13:35 Farm
13:35 Farm
13:36 Farm
13:36 Farm
15:05 Blacksmith
16:12 Farm
16:12 Farm
16:12 Farm
16:13 Farm
16:13 Farm
16:13 Farm
16:19 Boneyard
16:20 Boneyard
16:20 Boneyard
16:21 Ziggurat
16:22 Ziggurat
16:22 Ziggurat
16:22 Ziggurat
17:06 Tomb of Relics
17:09 Tomb of Relics
22:05 Barracks
» items
Lesser Clarity Potion2
Healing Salve2
Tiny Great Hall2
Scroll of Town Portal11
Orb of Corruption3
Orb of Lightning1
21 total
Random» LOBOFURTIVO (blue | 0 APM | 0 actions | 25:19)
Human0Bot (orange | 0 APM | 0 actions | 00:07)

Chat log

(00:52 / All) TheGuyBehindYou: Red
(01:01 / All) TheGuyBehindYou: please leave

(12:58 / All) OrcKingAlexMVP: 1v4 ?
(13:00 / All) OrcKingAlexMVP: Really?
(13:06 / All) TheGuyBehindYou: please leave
(13:09 / All) OrcKingAlexMVP: lmao
(13:11 / All) OrcKingAlexMVP: you leave turd
(13:13 / All) OrcKingAlexMVP: you got analled
(13:18 / All) TheGuyBehindYou: i want my 25th win
(13:26 / All) OrcKingAlexMVP: so win
(13:27 / All) OrcKingAlexMVP: you stink
(13:29 / All) OrcKingAlexMVP: its 4v1

(21:22 / All) OrcKingAlexMVP: 1v4
(21:24 / All) OrcKingAlexMVP: out
(21:31 / All) OrcKingAlexMVP: all 4 of my bases have 3k + gold
(21:33 / All) OrcKingAlexMVP: gtfo leave

(24:36 / All) OrcKingAlexMVP: have i said this yet.... 1v4
(25:05 / All) OrcKingAlexMVP: great finish!